 Dungeon Crawl Stone Soup version 0.31.0 (webtiles) character file.

Game seed: 5186875158805176290

503 qw the Shooter (level 7, -7/43 HPs)
             Began as a Gargoyle Hunter on Jan 19, 2024.
             Mangled by a gnoll
             ... wielding a +0 halberd
              (10 damage)
             ... on level 4 of the Dungeon.
             The game lasted 00:00:17 (3333 turns).

qw the Shooter (Gargoyle Hunter)                    Turns: 3333, Time: 00:00:18

Health: -7/43      AC: 14    Str: 15      XL:     7   Next: 17%
Magic:  7/7        EV: 11    Int:  9      God:
Gold:   223        SH:  0    Dex: 14 (15) Spells: 6/6 levels left

rFire   . . .        a - +0 shortbow
rCold   . . .        (shield currently unavailable)
rNeg    + . .        e - +0 ring mail
rPois   inf          i - +0 helmet
rElec   +            h - +0 cloak
rCorr   .            (no gloves)
SInv    .            (no boots)
Will    .....        (no amulet)
Stlth   +            (no ring)
HPRegen 0.27/turn    (no ring)
MPRegen 0.10/turn

%: no passive effects
@: no status effects
A: sickness immunity, AC +4, negative energy resistance 1, electricity
resistance, torment resistance 1, petrification resistance, iridescent scales 1,
deterioration 1
a: no special abilities


You were on level 4 of the Dungeon.
You visited 1 branch of the dungeon, and saw 4 of its levels.

You collected 223 gold pieces.


Innate Abilities, Weirdness & Mutations

You are immune to sickness and miasma.
Your stone body is resilient. (AC +4)
You are immune to poison.
You resist negative energy. (rN+)
You are resistant to electric shocks. (rElec)
You are resistant to unholy torment.
You are immune to petrification.
You are partially covered in iridescent scales. (AC +2)
Your body sometimes deteriorates upon taking damage.


   Skills:
 - Level 4.1 Fighting
 + Level 7.1 Ranged Weapons
 - Level 2.7 Armour
 - Level 1.5 Dodging
 - Level 1.1 Stealth


You had 6 spell levels left.
You didn't know any spells.
Your spell library was empty.

Inventory:

Hand Weapons
 a - a +0 shortbow (weapon)
Armour
 e - a +0 ring mail (worn)
 h - a +0 cloak (worn)
 i - a +0 helmet (worn)
Wands
 c - a wand of acid (11)
Scrolls
 b - a scroll of noise {unknown}
Potions
 d - a potion of berserk rage {unknown}
 f - 3 potions of cancellation {unknown}
 g - a potion of lignification {unknown}
 j - a potion of enlightenment {unknown}
 k - a potion of invisibility {unknown}
 l - a potion of mutation
 n - a potion of brilliance {unknown}

Dungeon Overview and Level Annotations

Branches:
Dungeon (4/15)             Temple (0/1) D:4

Altars:
Dithmenos
Sif Muna
Xom

Annotations:
D:4 3 runed translucent doors, qw's ghost, novice GrHu


Message History

The gnoll misses you. x2; The gnoll closely misses you.
You shoot an arrow. The arrow hits the gnoll.
The gnoll is almost dead.
The gnoll hits you with a +0 club. The gnoll barely misses you. x2
The gnoll hits you but does no damage. x3
You shoot an arrow.
The arrow hits the gnoll but does no damage.
The gnoll is almost dead.
The gnoll completely misses you. The gnoll hits you with a +0 club.
The gnoll hits you but does no damage.
You shoot an arrow. The arrow hits the gnoll!
You kill the gnoll!
The gnoll hits you but does no damage. The gnoll closely misses you.
You shoot an arrow. The arrow hits the gnoll!
The gnoll is heavily wounded.
The gnoll barely misses you. The gnoll closely misses you.
You shoot an arrow. The arrow closely misses the gnoll.
The gnoll hits you with a +0 club. The gnoll closely misses you.
You shoot an arrow. The arrow closely misses the gnoll.
The gnoll barely misses you. The gnoll hits you with a +0 club.
You shoot an arrow. The arrow hits the gnoll!
You kill the gnoll!
The gnoll hits you from afar with a +0 halberd.
The orc barely misses you. The gnoll closely misses you.
You shoot an arrow. The arrow hits the orc.
The orc is lightly wounded.
The gnoll hits you from afar with a +0 halberd.
The orc hits you but does no damage.
You shoot an arrow.
The arrow hits the orc but does no damage.
The orc is lightly wounded.
The gnoll hits you from afar with a +0 halberd.
The orc hits you but does no damage.
You shoot an arrow. The arrow closely misses the orc.
The gnoll barely misses you. The orc hits you but does no damage.
You shoot an arrow.
The arrow hits the orc but does no damage.
The orc is lightly wounded.
The gnoll hits you from afar with a +0 halberd!
You die...

.....# ...# .....#
>.8.77 )~~..#
.....7 7~7..# 8.#|7
~ ~....# ....7~~
#....# g....7
#.)..#
########o...7
#....#####......@)#
....>#.....########
#......#####
....#### ##...#
#######7~P ........
#.......7 .........
##.######7
###+++### #<.#


oooo..W.. #.## You could see a gnoll and an orc.

Vanquished Creatures
  An ogre (D:4)
  A phantom (D:3)
  2 scorpions (D:4)
  2 orc wizards (D:3)
  2 iguanas (D:4)
  2 gnolls (D:4)
  3 adders
  A dart slug (D:1)
  3 ribbon worms
  3 orcs (D:3)
  5 ball pythons
  9 bats
  7 endoplasms
  2 giant cockroaches (D:3)
  7 goblins
  10 hobgoblins
  4 kobolds
  3 quokkas
  2 frilled lizards
  5 rats
74 creatures vanquished.

Notes
Turn   | Place    | Note
-------+----------+-------------------------------------------
     0 | D:1      | qw the Gargoyle Hunter began the quest for the Orb.
     0 | D:1      | Reached XP level 1. HP: 12/12 MP: 1/1
     0 | D:1      | 0 ||| qw: Version: 0.3-a-132-g3d54051
     0 | D:1      | 0 ||| qw: Game counter: 210
     0 | D:1      | 0 ||| qw: Melee chars always use a shield: true
     0 | D:1      | 0 ||| qw: God list: Okawaru
     0 | D:1      | 0 ||| qw: Allow faded altars: false
     0 | D:1      | 0 ||| qw: Do Orc after clearing Dungeon:15 true
     0 | D:1      | 0 ||| qw: Do second Lair branch before Depths: true
     0 | D:1      | 0 ||| qw: Lair rune preference: random
     0 | D:1      | 0 ||| qw: Goals: Normal
     0 | D:1      | 0 ||| PLANNING D:1-11
    66 | D:1      | Reached XP level 2. HP: 15/17 MP: 2/2
   306 | D:1      | Reached XP level 3. HP: 21/21 MP: 3/3
   758 | D:1      | 758 ||| UPGRADING to +0 ring mail.
   768 | D:1      | 768 ||| DROPPING +0 leather armour.
   769 | D:1      | 769 ||| UPGRADING to +0 cloak.
   774 | D:1      | 774 ||| READING scroll labelled PAASUS OPLUCOM.
   777 | D:1      | 777 ||| READING scroll labelled FIAWNE PYMUFRI.
   778 | D:1      | 778 ||| READING scroll labelled ESTENATUNO.
   779 | D:1      | 779 ||| DROPPING scroll of butterflies.
   900 | D:2      | 900 ||| FLEEEEING.
  1055 | D:2      | Reached skill level 1 in Armour
  1082 | D:2      | Reached skill level 5 in Ranged Weapons
  1381 | D:2      | 1381 ||| FLEEEEING.
  1600 | D:2      | 1600 ||| UPGRADING to +0 helmet.
  1605 | D:2      | 1605 ||| READING scroll labelled MYS ZULYTIUMMETT.
  1606 | D:2      | 1606 ||| READING scroll labelled YMUBRE VIMUI.
  1606 | D:2      | 1606 ||| IDENTIFYING fuming orange potion
  1607 | D:2      | 1607 ||| DRINKING 2 sedimented emerald potions.
  1607 | D:2      | Gained mutation: Your body sometimes deteriorates upon
                  | taking damage. [potion of mutation]
  1607 | D:2      | Gained mutation: You are partially covered in iridescent
                  | scales. (AC +2) [potion of mutation]
  1608 | D:2      | 1608 ||| DROPPING potion of degeneration.
  1698 | D:3      | Reached XP level 4. HP: 27/27 MP: 4/4
  1699 | D:3      | Reached skill level 3 in Fighting
  1743 | D:3      | Noticed a phantom
  1760 | D:3      | Killed a phantom
  1761 | D:3      | Reached XP level 5. HP: 20/32 MP: 5/5
  1874 | D:3      | Reached skill level 6 in Ranged Weapons
  1998 | D:3      | Found a shimmering blue altar of Sif Muna.
  2149 | D:3      | Found a shimmering altar of Xom.
  2688 | D:3      | 2688 ||| READING scroll labelled QYEVVE VIANIXT.
  2689 | D:3      | 2689 ||| READING scroll labelled FIHIGA BAUSAMETHRE.
  2736 | D:4      | 2736 ||| STAIRDANCE
  2750 | D:4      | 2750 ||| STAIRDANCE
  2757 | D:4      | 2757 ||| STAIRDANCE
  2766 | D:3      | 2766 ||| FLEEEEING.
  2777 | D:3      | 2777 ||| FLEEEEING.
  2788 | D:3      | 2788 ||| FLEEEEING.
  2799 | D:3      | 2799 ||| FLEEEEING.
  2810 | D:3      | 2810 ||| FLEEEEING.
  2812 | D:3      | 2812 ||| STAIRDANCE
  2883 | D:4      | 2883 ||| STAIRDANCE
  2885 | D:3      | 2885 ||| FLEEEEING.
  2894 | D:3      | 2894 ||| STAIRDANCE
  2911 | D:3      | Reached XP level 6. HP: 38/38 MP: 6/6
  3044 | D:4      | 3044 ||| FLEEEEING.
  3093 | D:4      | Found a shadowy altar of Dithmenos.
  3117 | D:4      | Reached skill level 7 in Ranged Weapons
  3185 | D:4      | Found a runed translucent gate.
  3185 | D:4      | Found a runed translucent gate.
  3185 | D:4      | Found a runed translucent gate.
  3199 | D:4      | Reached XP level 7. HP: 18/43 MP: 7/7
  3199 | D:4      | 3199 ||| FLEEEEING.
  3202 | D:4      | Noticed qw's ghost (novice GrHu)
  3205 | D:4      | Identified the +0 dagger "Qaleat" {holy, rElec rCorr}
  3205 | D:4      | Identified the +1 scale mail "Tupe" {Will+ MP-9 Stlth+}
  3314 | D:4      | Found a staircase to the Ecumenical Temple.
  3315 | D:4      | 3315 ||| PLANNING TEMPLE
  3329 | D:4      | HP: 6/43 [gnoll/+0 halberd (6)]
  3331 | D:4      | HP: 2/43 [gnoll/+0 halberd (3)]
  3333 | D:4      | Mangled by a gnoll

Levels and vault maps discovered:
D:1:      minmay_arrival_four_loops, layout_loops_ring, minmay_hedge_maze,
          dk_noncrumbling_4
D:2:      layout_loops_corners
D:3:      wad_pebble_path, layout_basic, general_overflow_altar,
          mainiacjoe_overflow_paths
D:4:      layout_rooms, tso_metal_star, mainiacjoe_overflow_surrounded_room,
          minmay_temple_entry_statues_pillars, biasface_ghost_orc_armoury,
          serial_bayou, serial_bayou_pond_e, serial_bayou_lake_a,
          serial_bayou_ford_a, serial_bayou_lagoon_a, serial_bayou_crossing,
          st_stairs_3, hangedman_abyss_or_decor_passed

Skill      XL: |  1  2  3  4  5  6 |
---------------+-------------------+-----
Armour         | 1 2 |  2.7
Ranged Weapons | 5 6 7 |  7.1
Fighting       | 3 4 |  4.1
Dodging        | |  1.5
Stealth        | |  1.1

Action                     |  1- 3 |  4- 6 |  7- 9 || total
---------------------------+-------+-------+-------++-------
  Melee: Shortbow          |       |     1 |       ||     1
   Fire: Shortbow          |   107 |   178 |    19 ||   304
    Use: Scroll            |     5 |     2 |       ||     7
         Potion            |     1 |       |       ||     1
 Armour: Leather armour    |    13 |       |       ||    13
         Ring mail         |    11 |    99 |    27 ||   137
  Dodge: Dodged            |    15 |    71 |    22 ||   108

Table legend:
 A = Non-vault XP
 B = Vault XP
 C = Vault XP percentage of total XP
 D = Non-vault monster count
 E = Vault monster count
 F = Vault count percentage of total count
                 A         B        C        D         E       F
            +---------+---------+-------+---------+---------+-------
      Total |     603 |     116 |  16.1 |      71 |       3 |   4.1
            +---------+---------+-------+---------+---------+-------
        D:1 |      37 |       0 |   0.0 |      21 |       0 |   0.0
        D:2 |      42 |       0 |   0.0 |      18 |       0 |   0.0
        D:3 |     244 |       0 |   0.0 |      25 |       0 |   0.0
        D:4 |     280 |     116 |  29.3 |       7 |       3 |  30.0
            +---------+---------+-------+---------+---------+-------
